 Dungeon Crawl Stone Soup version 0.31.0-9-g3a7656b989 (webtiles) character file.

Game seed: 3821497019329917406

184 dave1331 the Chopper (level 5, -2/45 HPs)
             Began as a Minotaur Gladiator on Jan 24, 2024.
             Killed from afar by an orc wizard (7 damage)
             ... with a magic dart
             ... on level 4 of the Dungeon.
             The game lasted 00:11:58 (2875 turns).

dave1331 the Chopper (Minotaur Gladiator)           Turns: 2875, Time: 00:11:58

Health: -2/45      AC:  8    Str: 20    XL:     5   Next: 36%
Magic:  4/4        EV: 12    Int:  5    God:
Gold:   112        SH:  0    Dex: 12    Spells: 4/4 levels left

rFire   . . .        a - +2 war axe
rCold   . . .        (no shield)
rNeg    . . .        b - +3 leather armour
rPois   .            c - +2 hat
rElec   .            (no cloak)
rCorr   .            (no gloves)
SInv    .            (no boots)
Will    .....        (no amulet)
Stlth   +            (no ring)
HPRegen 0.27/turn    (no ring)
MPRegen 0.09/turn

%: no passive effects
@: confused
A: horns 2, retaliatory headbutt
a: no special abilities


You were on level 4 of the Dungeon.
You visited 1 branch of the dungeon, and saw 4 of its levels.

You collected 112 gold pieces.

Inventory:

Hand Weapons
 a - a +2 war axe (weapon)
Missiles
 d - 3 throwing nets (quivered)
 e - a javelin
Armour
 b - a +3 leather armour (worn)
 c - a +2 hat (worn)
 f - a +2 ring mail of cold resistance
Scrolls
 g - a scroll of torment
 h - 3 scrolls of identify
 i - 2 scrolls of teleportation


   Skills:
 + Level 3.2 Fighting
 + Level 5.9 Axes
 + Level 2.0 Throwing
 + Level 2.4 Armour
 + Level 3.9 Dodging
 + Level 0.5 Stealth


You had 4 spell levels left.
You didn't know any spells.
Your spell library contained the following spells:

 Spells                   Type           Power      Damage    Failure   Level
 Lesser Beckoning         Tloc           0%         N/A       67%         2
 Gell's Gravitas          Tloc           0%         N/A       88%         3
 Teleport Other           Tloc           0%         N/A       88%         3


Dungeon Overview and Level Annotations

Branches:
Dungeon (4/15)
 Temple: D:4-7

Altars:
Cheibriados
Elyvilon
Ru

Shops:
D:2 =


Innate Abilities, Weirdness & Mutations

You have a pair of horns on your head.
You reflexively headbutt those who attack you in melee.


Message History

You hear some strange, mumbled words.
A magic dart appears from out of thin air!
The magic dart hits you!
* * * LOW HITPOINT WARNING * * *
The orc hits you but does no damage.
The orc priest attacks as it pursues you!
The orc priest hits you with a +0 war axe!
* * * LOW HITPOINT WARNING * * *
You barely miss the orc priest.
The orc priest is severely wounded.
The orc priest hits you but does no damage.
You closely miss the orc priest. You headbutt the orc priest.
The orc priest is almost dead.
The orc priest miscasts a cantrip.
You closely miss the orc priest.
The orc priest is almost dead.
You feel less confused.
The orc priest hits you with a +0 war axe.
* * * LOW HITPOINT WARNING * * *
You slash the orc priest!
You kill the orc priest!
The orc closely misses you. You furiously retaliate!
You headbutt the orc!
You kill the orc!
You hear some strange, mumbled words.
A puff of flame appears from out of thin air!
The puff of flame misses you.
Things that are here:
a +0 war axe; an orc corpse You miss something.
You hear some strange, mumbled words.
You are confused.
You closely miss something. Something hits you but does no damage.
You miss something. Something hits you but does no damage.
Things that are here:
a +0 whip; a +0 ring mail You bump into the rock wall.
You hear some strange, mumbled words.
A magic dart appears from out of thin air!
The magic dart hits you!
You die...

####################
**####...............#####
*,..##.####...............
*,..#...###.##............
****,.......##.##.#####.####.
*,,,,........#.##.## #.# #.
*****,,,,.......@{....## #.#
#. *,,,,,,,,......))#.##.##
*#.# #.
*,******,.......##.##.## *..#
#. *,* *,..........##.## *.##
*#[ *,* *,........####.## *,*
*#.# *,* *,.............##
*,* #.## *,*
*,........###..##**,**##.#
*,*
*,........>##....,,,,,....
*,*
*,#........###...,,,,*###.


There were no monsters in sight!

Vanquished Creatures
  A bombardier beetle (D:3)
  2 orc priests (D:4)
  2 adders
  3 dart slugs
  2 ribbon worms
  3 orcs
  3 ball pythons
  5 bats
  4 endoplasms
  2 giant cockroaches
  8 goblins
  10 hobgoblins
  A jackal (D:3)
  3 kobolds
  2 quokkas
  6 frilled lizards
  3 rats
60 creatures vanquished.

Notes
Turn   | Place    | Note
-------+----------+-------------------------------------------
     0 | D:1      | dave1331 the Minotaur Gladiator began the quest for the
                  | Orb.
     0 | D:1      | Reached XP level 1. HP: 18/18 MP: 0/0
   176 | D:1      | Reached skill level 4 in Axes
   232 | D:1      | Reached XP level 2. HP: 20/25 MP: 1/1
   521 | D:1      | Found a faded altar of an unknown god.
   694 | D:1      | Reached skill level 1 in Armour
  1221 | D:2      | Reached XP level 3. HP: 30/30 MP: 2/2
  1407 | D:2      | Found Yziosaoc's Jewellery Boutique.
  2001 | D:3      | Reached skill level 5 in Axes
  2137 | D:3      | Reached XP level 4. HP: 38/38 MP: 3/3
  2434 | D:3      | Found a sacrificial altar of Ru.
  2434 | D:3      | Found a white marble altar of Elyvilon.
  2506 | D:3      | Found a snail-covered altar of Cheibriados.
  2859 | D:4      | Reached XP level 5. HP: 18/45 MP: 4/4
  2875 | D:4      | Killed from afar by an orc wizard

Illustrated notes

Levels and vault maps discovered:
D:1:      erik_arrival_cave_to_civilisation [erik_arrival_cave_to_hall],
          layout_basic, shapermc_ecumenical_altar_acropolis
D:2:      layout_rooms, serial_aquarium, aquarium_bridge_square
          [aquarium_subvault_bridge, aquarium_subvault_wall,
          aquarium_subvault_bridge, aquarium_subvault_bridge],
          aquarium_bridge_square [aquarium_subvault_bridge,
          aquarium_subvault_bridge, aquarium_subvault_bridge,
          aquarium_subvault_wall], aquarium_window_fake, aquarium_window_1,
          aquarium_window_fake, aquarium_window_1, aquarium_view_2e,
          aquarium_view_2c, aquarium_balcony_double_3, serial_shops,
          nicolae_shop_behind_doors, feat_on_display
D:3:      layout_basic, nicolae_overflow_hidden_temple,
          nicolae_overflow_two_pavilions, st_stairs_11,
          kennysheep_generic_room_8
D:4:      layout_loops_ring

Skill      XL: |  1  2  3  4 |
---------------+-------------+-----
Axes           | 4 5 |  5.9
Armour         | 1 2 |  2.4
Fighting       | 3 |  3.2
Throwing       | |  2.0
Dodging        | |  3.9
Stealth        | |  0.5

Action                     |  1- 3 |  4- 6 || total
---------------------------+-------+-------++-------
  Melee: War axe           |    78 |    36 ||   114
         Headbutt          |     4 |     8 ||    12
    Use: Scroll            |    11 |     2 ||    13
         Potion            |     5 |     1 ||     6
   Stab: Sleeping          |     1 |       ||     1
 Armour: Leather armour    |    51 |    24 ||    75
  Dodge: Dodged            |    56 |    23 ||    79
